[Event "Titled Tuesday Blitz December 27 Late 2022"]
[White "Tomaszewski, Kacper"]
[Black "Kleiman, Jake"]
[WhiteFideId "1127373"]
[BlackFideId "2020041"]
[WhiteElo "2313"]
[BlackElo "2399"]
[Result "1/2-1/2"]
[Round "03"]
[TimeControl "180+2"]
[Date "2022.12.27"]
[WhiteClock "0:00:08"]
[BlackClock "0:00:25"]

1. e4 e5 2. Nf3 Nc6 3. Nc3 Nf6 4. h3 Bb4 5. Nd5 Bd6 6. Nxf6+ Qxf6 7. Bb5 Bc5 8. d3 O-O 9. Be3 Bxe3 10. fxe3 Ne7 11. d4 Ng6 12. O-O Qe7 13. Bd3 d6 14. Qe1 Bd7 15. Qg3 Rae8 16. Rae1 h6 17. c3 a6 18. Rf2 Bc6 19. Bb1 Qd8 20. d5 Bd7 21. Nd2 Qh4 22. Qxh4 Nxh4 23. Ref1 a5 24. Kh2 b6 25. Bd3 Ng6 26. g4 Re7 27. Kg3 b5 28. Be2 Rb8 29. h4 Nf8 30. g5 hxg5 31. hxg5 g6 32. Bg4 Kg7 33. Rh1 Bxg4 34. Kxg4 Nd7 35. Nb3 Ra8 36. Rfh2 Nf8 37. Nd2 a4 38. a3 Rc8 39. Nf3 c6 40. Rd1 Rd7 41. Rhd2 Nh7 42. dxc6 Rdc7 43. Rxd6 Rxc6 44. Rxc6 Rxc6 45. Rd5 Rc4 46. Rxe5 Nf8 47. Nd2 Rc8 48. Rxb5 Ne6 49. Ra5 Nc5 50. e5 Kf8 51. Nf3 Ke7 52. Nd4 Rc7 53. Ra7 Rxa7 54. Nc6+ Ke6 55. Nxa7 Kxe5 56. Nc6+ Ke4 57. Nd8 Kxe3 58. Nxf7 Kd3 59. Ne5+ Kc2 60. Nxg6 Kxb2 61. Ne7 Kxa3 62. g6 Ne6 63. Kf5 Ng7+ 64. Kf6 Nh5+ 65. Kg5 Ng7 66. Nf5 Ne8 67. Nd6 Ng7 68. Kh6 Ne6 69. Nb5+ Kb3 70. g7 Nxg7 71. Kxg7 Kc4 72. Na3+ Kxc3 73. Kf6 Kb3 74. Nb5 Kb4 75. Nd4 Kc4 76. Nc2 Kb3 77. Nd4+ Kb2 78. Nb5 Kb3 79. Ke5 Kc4 80. Na3+ Kc3 81. Nb5+ Kb3 82. Nd4+ Kb4 83. Nc2+ Kc3 84. Na3 Kb4 85. Nc2+ Kb3 86. Nd4+ Kc4 87. Nc2 Kb5 88. Kd4 Ka5 89. Kc3 a3 90. Nxa3 1/2-1/2


[Site "https://www.chess.com"]

[Event "Titled Tuesday Blitz December 27 Late 2022"]
[White "Toniutti, Ezio"]
[Black "Melikhov, Evgeny V."]
[WhiteFideId "113034"]
[BlackFideId "4122046"]
[WhiteElo "2224"]
[BlackElo "2269"]
[Result "1-0"]
[Round "03"]
[TimeControl "180+2"]
[Date "2022.12.27"]
[WhiteClock "0:00:31"]
[BlackClock "0:00:05"]

1. d4 Nf6 2. c4 e6 3. g3 d5 4. Nf3 dxc4 5. Bg2 Nc6 6. O-O Rb8 7. Nc3 b5 8. e4 Be7 9. d5 exd5 10. exd5 Nb4 11. Ne5 O-O 12. a3 Bd6 13. f4 Nd3 14. Nxd3 cxd3 15. Qxd3 a6 16. Be3 Qe7 17. Rae1 Bc5 18. b4 Bxe3+ 19. Rxe3 Qd6 20. Rd1 Bb7 21. Qd4 Rfe8 22. Re5 h6 23. h3 Nd7 24. Ne4 Qb6 25. Nc5 Nxe5 26. fxe5 Qg6 27. Kh2 Bc8 28. Rd2 Rb6 29. d6 cxd6 30. exd6 Rd8 31. d7 Bxd7 32. Nxd7 Re6 33. Nf6+ Qxf6 34. Qxd8+ Qxd8 35. Rxd8+ Kh7 36. Ra8 g5 37. h4 Kg7 38. Kh3 Rd6 39. Bb7 Rd3 40. Rxa6 f5 41. hxg5 hxg5 42. Bc6 f4 43. Kg4 Rxg3+ 44. Kf5 f3 45. Ra7+ Kh6 46. Ke4 f2 47. Rf7 Rg2 48. Ke3 f1=Q 49. Rxf1 Ra2 50. Bxb5 Rxa3+ 51. Kd4 g4 52. Kc5 Kg5 53. Bc6 g3 54. b5 Kg4 55. Rf8 Rc3+ 56. Kb6 Kh3 57. Rg8 Rc2 58. Kc7 Rb2 59. b6 g2 60. Rxg2 1-0


[Site "https://www.chess.com"]

[Event "Titled Tuesday Blitz December 27 Late 2022"]
[White "Torres Boch, Jose Francisco"]
[Black "Defend, Balint"]
[WhiteFideId "2278383"]
[BlackFideId "17004853"]
[WhiteElo "2180"]
[BlackElo "1673"]
[Result "1-0"]
[Round "03"]
[TimeControl "180+2"]
[Date "2022.12.27"]
[WhiteClock "0:01:21"]
[BlackClock "0:00:20"]

1. e4 c5 2. Nf3 d6 3. d4 cxd4 4. Nxd4 Nf6 5. Nc3 a6 6. Bg5 e6 7. f4 Qb6 8. Qd2 Qxb2 9. Rb1 Qa3 10. e5 h6 11. Bh4 Nfd7 12. Ne4 dxe5 13. fxe5 Qxa2 14. Rd1 Qd5 15. Qe3 Qxe5 16. Bg3 Qa5+ 17. c3 Qd5 18. Be2 Nc6 19. O-O Nc5 20. Bf3 Nxd4 21. Rxd4 Qb3 22. Nd6+ Bxd6 23. Bxd6 Nd7 24. Bd5 Nc5 25. Bxb3 Nxb3 26. Rdf4 f6 27. Qb6 Nd2 28. Re1 Bd7 29. Qxb7 Rc8 30. Rxe6+ Kf7 31. Qxd7+ Kg6 32. Rg4+ Kf5 1-0


[Site "https://www.chess.com"]

[Event "Titled Tuesday Blitz December 27 Late 2022"]
[White "Torres Dominguez, David"]
[Black "Karas, Marek"]
[WhiteFideId "2220857"]
[BlackFideId "14928558"]
[WhiteElo "1994"]
[BlackElo "2227"]
[Result "1-0"]
[Round "03"]
[TimeControl "180+2"]
[Date "2022.12.27"]
[WhiteClock "0:00:21"]
[BlackClock "0:00:17"]

1. e4 h5 2. d4 g6 3. Nc3 Bg7 4. Be3 c6 5. d5 cxd5 6. exd5 Nf6 7. Be2 d6 8. Nf3 Bg4 9. Qd2 Nbd7 10. O-O Bxf3 11. Bxf3 O-O 12. Bd4 Ne5 13. Be2 Nfd7 14. Rae1 Nc5 15. f4 Ned7 16. Bxg7 Kxg7 17. b4 Qb6 18. bxc5 Qxc5+ 19. Kh1 Rac8 20. Rf3 Nf6 21. f5 Qb4 22. Bf1 Rc7 23. fxg6 fxg6 24. Rb1 Qh4 25. Nb5 Ng4 26. h3 Rcc8 27. g3 Nf2+ 28. Qxf2 Qg5 29. Rbb3 Qxd5 30. Bg2 Qd1+ 31. Kh2 Rxc2 32. Qd4+ Rf6 33. Qxd1 1-0


[Site "https://www.chess.com"]

[Event "Titled Tuesday Blitz December 27 Late 2022"]
[White "Vakhlamov, Igor L."]
[Black "Darini, Pouria"]
[WhiteFideId "24126748"]
[BlackFideId "12502200"]
[WhiteElo "2413"]
[BlackElo "2401"]
[Result "1-0"]
[Round "03"]
[TimeControl "180+2"]
[Date "2022.12.27"]
[WhiteClock "0:00:28"]
[BlackClock "0:00:01"]

1. e4 c5 2. Nf3 Nc6 3. Nc3 d6 4. Bb5 Bd7 5. Bxc6 Bxc6 6. d4 cxd4 7. Qxd4 Nf6 8. Bg5 e6 9. O-O-O Be7 10. Rhe1 O-O 11. e5 dxe5 12. Nxe5 Qxd4 13. Rxd4 Rfc8 14. Nxc6 Rxc6 15. Ne4 Rac8 16. Re2 Kf8 17. Nxf6 gxf6 18. Bh6+ Ke8 19. Rg4 Bf8 20. Be3 Bc5 21. Rh4 Bxe3+ 22. fxe3 Ke7 23. Rxh7 Rg8 24. Rh4 f5 25. g3 Rg4 26. Rxg4 fxg4 27. Kd2 Rd6+ 28. Kc3 Rd1 29. Rd2 Re1 30. Kd4 f5 31. c4 Kf6 32. b3 e5+ 33. Kd3 Ke6 34. Re2 Rd1+ 35. Kc2 Rf1 36. Kc3 Kd6 37. b4 Ke6 38. Kb3 Rb1+ 39. Ka4 Rc1 40. Kb5 a6+ 41. Kc5 b5 42. Kb6 Rxc4 43. a3 Rc3 44. Kxa6 Rxa3+ 45. Kxb5 Rd3 46. Kc4 Rd1 47. Kc5 Rc1+ 48. Kb6 Kd5 49. b5 Rb1 50. Ka6 Kc5 51. Rc2+ Kd5 52. b6 Ke4 53. Rc5 Ra1+ 54. Ra5 Rb1 55. b7 Kxe3 56. Rxe5+ Kd4 57. Rb5 Ra1+ 58. Kb6 Ra8 59. bxa8=Q 1-0


[Site "https://www.chess.com"]

[Event "Titled Tuesday Blitz December 27 Late 2022"]
[White "Vargas, Mauricio"]
[Black "Sanchez, Robert"]
[WhiteFideId "4404572"]
[BlackFideId "2034360"]
[WhiteElo "2035"]
[BlackElo "1966"]
[Result "0-1"]
[Round "03"]
[TimeControl "180+2"]
[Date "2022.12.27"]
[WhiteClock "0:01:54"]
[BlackClock "0:01:27"]

1. e4 d5 2. e5 c5 3. f4 Nc6 4. Nf3 Bf5 5. Bb5 e6 6. Bxc6+ bxc6 7. O-O Nh6 8. d3 Be7 9. h3 Bg6 10. b3 f6 11. c4 O-O 12. Nc3 d4 13. Na4 Nf5 14. Qe1 fxe5 15. Nxe5 Ne3 16. Nxg6 hxg6 17. Rf2 Bh4 18. Bxe3 dxe3 19. Qxe3 Bxf2+ 20. Kxf2 Qh4+ 21. Qg3 Rxf4+ 22. Ke3 Qxg3+ 23. Kd2 Rf2+ 24. Kc3 Qe5+ 0-1


[Site "https://www.chess.com"]

[Event "Titled Tuesday Blitz December 27 Late 2022"]
[White "Vetoshko, Volodymyr"]
[Black "Remolar Gallen, Jose"]
[WhiteFideId "14122480"]
[BlackFideId "2215187"]
[WhiteElo "2502"]
[BlackElo "2285"]
[Result "0-1"]
[Round "03"]
[TimeControl "180+2"]
[Date "2022.12.27"]
[WhiteClock "0:00:03"]
[BlackClock "0:00:54"]

1. e4 c5 2. Nf3 d6 3. d4 cxd4 4. Nxd4 Nf6 5. Nc3 a6 6. Be2 e5 7. Nb3 Be7 8. Bg5 Be6 9. Bxf6 Bxf6 10. Qd3 O-O 11. O-O-O Nc6 12. Qxd6 Qc8 13. Nd5 Bg5+ 14. Kb1 Rd8 15. Qc7 Bxd5 16. Qxc8 Raxc8 17. exd5 Nb4 18. c4 b5 19. cxb5 axb5 20. d6 Rc2 21. Bxb5 Rxf2 22. d7 e4 23. Nc5 Bf6 24. Na4 e3 25. a3 Nc2 26. Rc1 Nd4 27. Bd3 Rxd7 28. Rc8+ Rd8 29. Rxd8+ Bxd8 30. Nc3 f5 31. Re1 f4 32. g3 Nf3 33. Rf1 Nd2+ 0-1


[Site "https://www.chess.com"]

[Event "Titled Tuesday Blitz December 27 Late 2022"]
[White "Vovk, Orest"]
[Black "Floresvillar Gonzalez, Luis Migu"]
[WhiteFideId "14113490"]
[BlackFideId "5100542"]
[WhiteElo "2315"]
[BlackElo "2043"]
[Result "1-0"]
[Round "03"]
[TimeControl "180+2"]
[Date "2022.12.27"]
[WhiteClock "0:00:14"]
[BlackClock "0:00:02"]

1. h4 d5 2. h5 e5 3. h6 Nxh6 4. d4 Ng4 5. f3 Nf6 6. dxe5 Nfd7 7. Qxd5 c6 8. Qd4 Bc5 9. Qg4 g6 10. e6 Nf6 11. exf7+ Kxf7 12. Qh4 Bf5 13. e4 Be6 14. Nc3 Nbd7 15. Bg5 h6 16. Bxf6 Qxf6 17. Qxf6+ Nxf6 18. O-O-O Rad8 19. Rxd8 Rxd8 20. Bd3 h5 21. Nge2 Be3+ 22. Kb1 b5 23. b3 b4 24. Na4 a5 25. Nb2 c5 26. Nc4 Bxc4 27. Bxc4+ Kg7 28. Bd3 Nd7 29. f4 Nf6 30. g3 Ng4 31. Nc1 Nf2 32. Rf1 Bxc1 33. Rxf2 Be3 34. Re2 Bd4 35. e5 Bc3 36. e6 Re8 37. f5 gxf5 38. Bxf5 Re7 39. g4 hxg4 40. Bxg4 Bf6 41. a3 Kg6 42. Bf3 bxa3 43. Ka2 Bb2 44. Bc6 Kf5 45. Bd7 Kf6 46. Rh2 Ke5 47. Rh5+ Kd6 48. Rh4 Rg7 49. Rh1 Rg2 50. Kb1 Rg7 51. Rd1+ Ke7 52. Bc8 Kf6 53. Re1 Rc7 54. Rf1+ Ke7 55. Bd7 1-0


[Site "https://www.chess.com"]

[Event "Titled Tuesday Blitz December 27 Late 2022"]
[White "Wang, Alexander J"]
[Black "Urbina Perez, Juan Antonio"]
[WhiteFideId "30955270"]
[BlackFideId "2217368"]
[WhiteElo "1815"]
[BlackElo "2266"]
[Result "0-1"]
[Round "03"]
[TimeControl "180+2"]
[Date "2022.12.27"]
[WhiteClock "0:00:12"]
[BlackClock "0:00:10"]

1. e4 c5 2. Nf3 d6 3. d4 cxd4 4. Nxd4 Nf6 5. Nc3 Nc6 6. g3 g6 7. Bg2 Nxd4 8. Qxd4 Bg7 9. Qd1 O-O 10. O-O Be6 11. h3 Rc8 12. Be3 a6 13. g4 Qc7 14. f4 b5 15. a3 Nd7 16. f5 Bc4 17. Re1 Bxc3 18. bxc3 Ne5 19. Qd2 Kh8 20. Bd4 f6 21. Bxe5 dxe5 22. fxg6 Kg7 23. gxh7 Rfd8 24. Qf2 Be6 25. Kh1 Qxc3 26. Qh4 Rh8 27. g5 Rxh7 28. gxf6+ exf6 29. Qf2 Bxh3 30. Kg1 Bxg2 31. Qxg2+ Kf7 32. Rad1 Qc5+ 33. Kf1 Qc4+ 34. Rd3 Rg8 35. Qf3 Ke7 36. Rd1 Rhg7 37. Qf2 Rd8 38. Qa7+ Kf8 39. Qb6 Rxd3 40. Rxd3 Kg8 41. Qd8+ Kh7 42. Qe8 Kh6 43. Qh8+ Kg6 44. Qe8+ Kg5 45. Qf8 Qf7 46. Qc5 Qh5 47. Rg3+ Kh6 48. Rxg7 Kxg7 49. Qe7+ Kg6 50. Qe8+ Kg5 51. Qg8+ Kf4 52. Qe6 Qf3+ 53. Ke1 Qxe4+ 54. Kd1 Qd4+ 55. Kc1 f5 56. Qxa6 Qe3+ 57. Kb1 Qe2 58. Kb2 e4 59. Qh6+ Ke5 60. Qg7+ Kd5 61. Qd7+ Ke5 62. Qe7+ Kf4 63. Qd6+ Kf3 64. Qf6 f4 65. Qh6 Qc4 66. Qh3+ Ke2 67. Qg2+ Ke3 68. Qh3+ f3 69. Qh6+ Ke2 70. Qh5 Ke3 71. Qh6+ Ke2 72. Qh5 Qd4+ 73. Kb3 Kd2 74. Qh2+ f2 75. Ka2 Kxc2 76. Qg2 Qb2# 0-1


[Site "https://www.chess.com"]

[Event "Titled Tuesday Blitz December 27 Late 2022"]
[White "Wieczorek, Oskar"]
[Black "Manukyan, Sargis A."]
[WhiteFideId "1133950"]
[BlackFideId "13303970"]
[WhiteElo "2512"]
[BlackElo "2158"]
[Result "1-0"]
[Round "03"]
[TimeControl "180+2"]
[Date "2022.12.27"]
[WhiteClock "0:01:01"]
[BlackClock "0:00:10"]

1. e4 e6 2. d4 d5 3. Nd2 Nc6 4. Ngf3 Nf6 5. e5 Nd7 6. Be2 f6 7. exf6 Qxf6 8. Nf1 Bd6 9. Ne3 O-O 10. O-O Qg6 11. a3 Nf6 12. c4 Ne4 13. b4 Nc3 14. Qd2 Nxe2+ 15. Qxe2 Rxf3 16. Qxf3 Nxd4 17. Qd1 Be5 18. Bb2 Nf3+ 19. Qxf3 Bxb2 20. Rab1 Bd4 21. cxd5 e5 22. Rbc1 Bb6 23. Nc4 Bd4 24. Ne3 Bb6 25. d6 cxd6 26. Rfd1 Bd4 27. Qd5+ Kh8 28. Rc7 Be6 29. Qxd6 Rf8 30. Qxf8+ 1-0


[Site "https://www.chess.com"]

[Event "Titled Tuesday Blitz December 27 Late 2022"]
[White "Wieczorek, Zbigniew"]
[Black "Cappai, Davide"]
[WhiteFideId "1102001"]
[BlackFideId "813338"]
[WhiteElo "2150"]
[BlackElo "2140"]
[Result "1/2-1/2"]
[Round "03"]
[TimeControl "180+2"]
[Date "2022.12.27"]
[WhiteClock "0:00:04"]
[BlackClock "0:00:16"]

1. Nf3 c5 2. e4 Nc6 3. Bb5 g6 4. Bxc6 dxc6 5. d3 Bg7 6. Nc3 e5 7. Be3 b6 8. a4 a5 9. Nd2 Be6 10. O-O Ne7 11. Qe2 Qc7 12. f4 exf4 13. Bxf4 Be5 14. Bxe5 Qxe5 15. Nf3 Qc7 16. e5 O-O-O 17. Ne4 Nf5 18. c3 Kb8 19. Rab1 Ba2 20. b4 Bxb1 21. Rxb1 cxb4 22. cxb4 axb4 23. Rxb4 Rd5 24. Qb2 Kb7 25. h3 Rhd8 26. d4 Ka7 27. Nc3 Nxd4 28. Nxd5 Nxf3+ 29. gxf3 Rxd5 30. Re4 Qd8 31. Re2 Qg5+ 32. Kh2 Qf4+ 33. Kg2 f6 34. a5 b5 35. Qa3 Rxe5 36. Rxe5 Qxe5 37. Qf8 Qe2+ 38. Kg3 Qe1+ 39. Kg2 Qd2+ 40. Kg3 Qg5+ 41. Kf2 Qh4+ 42. Kg2 Qg5+ 43. Kf2 Qd2+ 44. Kg3 Qg5+ 45. Kf2 1/2-1/2


[Site "https://www.chess.com"]

[Event "Titled Tuesday Blitz December 27 Late 2022"]
[White "Winterberg, Lukas"]
[Black "Boros, Denes"]
[WhiteFideId "24622702"]
[BlackFideId "722340"]
[WhiteElo "2402"]
[BlackElo "2406"]
[Result "0-1"]
[Round "03"]
[TimeControl "180+2"]
[Date "2022.12.27"]
[WhiteClock "0:00:04"]
[BlackClock "0:00:25"]

1. Nf3 b6 2. g3 Bb7 3. Bg2 Nf6 4. O-O c5 5. b3 g6 6. Bb2 Bg7 7. c4 O-O 8. d4 cxd4 9. Qxd4 Na6 10. Nc3 Nc5 11. Qd2 Rc8 12. Rac1 d6 13. Rfd1 Qd7 14. Nd5 Nce4 15. Nxf6+ Bxf6 16. Qc2 b5 17. Bxf6 Nxf6 18. c5 Rxc5 19. Qxc5 dxc5 20. Rxd7 Nxd7 21. Ne5 Nxe5 22. Bxb7 Rb8 23. Be4 c4 24. f4 Nd7 25. bxc4 Nc5 26. Bf3 b4 27. Rd1 a5 28. Bc6 e6 29. Bb5 a4 30. Kf2 a3 31. Rb1 b3 32. axb3 Ra8 33. Ba4 Nxa4 34. bxa4 Kf8 35. Ke3 Ke7 36. Kd4 Rxa4 37. Kc5 f5 38. Ra1 a2 39. Kb5 Ra8 40. c5 Kd7 41. Kb4 Kc6 42. Kc4 Ra5 43. Kd4 Ra4+ 44. Ke5 Kxc5 45. Kxe6 Kc4 46. g4 Ra6+ 47. Kf7 Kb3 48. Kg7 Kb2 49. Rxa2+ Kxa2 50. Kxh7 Kb3 51. gxf5 gxf5 52. h4 Kc3 53. h5 Kd2 54. h6 Kxe2 55. Kg7 Ke3 56. h7 Ra7+ 57. Kg6 Rxh7 58. Kxf5 Rf7+ 59. Kg6 Rxf4 0-1


[Site "https://www.chess.com"]

[Event "Titled Tuesday Blitz December 27 Late 2022"]
[White "Wu, Brandon"]
[Black "Guevara Sanchez, Erick Marvin"]
[WhiteFideId "30909228"]
[BlackFideId "6700136"]
[WhiteElo "2123"]
[BlackElo "2073"]
[Result "1-0"]
[Round "03"]
[TimeControl "180+2"]
[Date "2022.12.27"]
[WhiteClock "0:00:15"]
[BlackClock "0:00:02"]

1. Nf3 e6 2. c4 Nf6 3. g3 d5 4. Bg2 c6 5. O-O dxc4 6. Qc2 b5 7. a4 Bb7 8. b3 cxb3 9. Qxb3 Qd7 10. Ne5 Qc7 11. Bb2 Bd6 12. d4 a6 13. Rc1 Bxe5 14. dxe5 Nd5 15. Bxd5 exd5 16. Qxd5 O-O 17. Ba3 Rd8 18. Bd6 Qb6 19. Qb3 Nd7 20. a5 Qa7 21. Nc3 c5 22. Nd5 c4 23. Ne7+ Kh8 24. Qc2 Nc5 25. Qf5 Rf8 26. Rd1 Be4 27. Qh5 Nb3 28. Ra3 Rae8 29. Qh4 Bc2 30. Rd5 Qb7 31. e3 b4 32. e6 bxa3 33. exf7 Rxf7 34. Ng6+ Kg8 35. Ne7+ Rfxe7 36. Qxc4 Nd2 37. Rxd2+ 1-0


[Site "https://www.chess.com"]

[Event "Titled Tuesday Blitz December 27 Late 2022"]
[White "Yanchenko, Roman"]
[Black "Rosen, Eric"]
[WhiteFideId "4137329"]
[BlackFideId "2032562"]
[WhiteElo "2466"]
[BlackElo "2349"]
[Result "1-0"]
[Round "03"]
[TimeControl "180+2"]
[Date "2022.12.27"]
[WhiteClock "0:00:51"]
[BlackClock "0:00:02"]

1. d4 d5 2. c4 e6 3. Nc3 Nf6 4. Nf3 a6 5. cxd5 exd5 6. Bg5 Be7 7. e3 O-O 8. Qc2 Nbd7 9. Bd3 Re8 10. O-O c6 11. Rab1 Nf8 12. Ne5 Ng4 13. Bf4 Nxe5 14. Bxe5 Bd6 15. Bxd6 Qxd6 16. b4 Ng6 17. a4 b5 18. Rfc1 Bd7 19. Ne2 Qf6 20. a5 Qh4 21. Ng3 Rac8 22. Bf5 Bxf5 23. Qxf5 Rc7 24. Rb3 Re6 25. Rbc3 Ne7 26. Qd3 g6 27. Rc5 Qf6 28. Ne2 Rd6 29. Nf4 h5 30. Qd1 Rdd7 31. Qf3 Kg7 32. Qg3 Qf5 33. R5c3 Qg4 34. Qxg4 hxg4 35. Nd3 Rd8 36. Ne5 Rdc8 37. Nxg4 Kf8 38. Ne5 Ke8 39. f3 f6 40. Nd3 Nf5 41. Nc5 Ra7 42. Kf2 Nd6 43. e4 dxe4 44. Nxe4 Nf5 45. Nxf6+ Kf7 46. Ne4 Nxd4 47. Nd6+ Ke6 48. Nxc8 Rh7 49. Re3+ Kd5 50. Rd3 Rxh2 51. Rcd1 c5 52. bxc5 Kxc5 53. Rxd4 b4 54. Nb6 Kb5 55. Rb1 Kxa5 56. Rdxb4 g5 57. Ra4# 1-0


[Site "https://www.chess.com"]

[Event "Titled Tuesday Blitz December 27 Late 2022"]
[White "Yano, William Jorge Froes"]
[Black "White, John S."]
[WhiteFideId "2112949"]
[BlackFideId "2502348"]
[WhiteElo "2045"]
[BlackElo "2235"]
[Result "1-0"]
[Round "03"]
[TimeControl "180+2"]
[Date "2022.12.27"]
[WhiteClock "0:00:21"]
[BlackClock "0:00:04"]

1. e4 c5 2. Nf3 e6 3. c3 Nf6 4. e5 Nd5 5. Bc4 Nc6 6. O-O d6 7. d4 cxd4 8. cxd4 Be7 9. Nc3 Nxc3 10. bxc3 d5 11. Bd3 O-O 12. h4 Bxh4 13. g3 Be7 14. Kg2 f5 15. exf6 Bxf6 16. Rh1 g6 17. Bh6 Rf7 18. Qc2 e5 19. Bxg6 e4 20. Bxf7+ Kxf7 21. Ne5+ Nxe5 22. dxe5 Bxe5 23. Be3 Bf5 24. Qb3 Rc8 25. Qxb7+ Rc7 26. Qb5 Bxc3 27. Rac1 Qf6 28. Qxd5+ Be6 29. Rxh7+ Kg8 30. Qxe6+ Qxe6 31. Rxc7 Be5 32. Rxa7 Qg4 33. a4 Qf3+ 34. Kg1 Qg4 35. a5 Bxg3 36. Kf1 Be5 37. Rb1 Qh3+ 38. Ke2 Qf3+ 39. Kd2 Qg4 40. Rbb7 Bd6 41. Ra8+ Bb8 42. Raxb8+ 1-0


[Site "https://www.chess.com"]

[Event "Titled Tuesday Blitz December 27 Late 2022"]
[White "Yeritsyan, Hayk"]
[Black "Adla, Diego"]
[WhiteFideId "13307320"]
[BlackFideId "100072"]
[WhiteElo "2241"]
[BlackElo "2383"]
[Result "0-1"]
[Round "03"]
[TimeControl "180+2"]
[Date "2022.12.27"]
[WhiteClock "0:00:56"]
[BlackClock "0:01:15"]

1. d4 Nf6 2. Nf3 d5 3. e3 c5 4. Bd3 g6 5. c3 Qc7 6. Nbd2 Bg7 7. O-O O-O 8. Qe2 Rd8 9. Re1 b6 10. dxc5 bxc5 11. e4 Nc6 12. e5 Ng4 13. e6 Bxe6 14. h3 Nge5 15. Nxe5 Nxe5 16. Bc2 d4 17. cxd4 cxd4 18. Bd3 Nxd3 19. Qxd3 Bf5 20. Qf3 e5 21. Ne4 Bxe4 22. Qxe4 f5 23. Qd3 e4 24. Qb3+ Qf7 25. Qa4 d3 26. Bg5 Bxb2 27. Rab1 Bf6 28. Bf4 Rac8 29. Qa6 g5 30. Rb7 Qg6 31. Bc7 Re8 32. Qxa7 f4 33. Rb6 d2 34. Rd1 e3 35. fxe3 fxe3 36. Qa6 e2 37. Qc4+ Qf7 38. Qxe2 Rxe2 0-1


[Site "https://www.chess.com"]

[Event "Titled Tuesday Blitz December 27 Late 2022"]
[White "Yurasova, Daria"]
[Black "Liu, Kelsey"]
[WhiteFideId "34146919"]
[BlackFideId "30944481"]
[WhiteElo "2095"]
[BlackElo "2065"]
[Result "1-0"]
[Round "03"]
[TimeControl "180+2"]
[Date "2022.12.27"]
[WhiteClock "0:00:56"]
[BlackClock "0:00:09"]

1. d4 Nf6 2. Bg5 c5 3. Bxf6 gxf6 4. e3 Nc6 5. dxc5 Qa5+ 6. Nd2 Bg7 7. Nf3 Qxc5 8. Bd3 d5 9. O-O Bg4 10. c3 e5 11. Be2 O-O-O 12. b4 Qd6 13. b5 Ne7 14. Rc1 Kb8 15. c4 f5 16. cxd5 Nxd5 17. Qb3 e4 18. Nc4 Qh6 19. Nd4 Bxd4 20. Bxg4 Rhg8 21. exd4 Rxg4 22. Ne3 Nxe3 23. Qxe3 f4 24. Qxe4 Rdg8 25. g3 fxg3 26. Qe5+ Ka8 27. fxg3 R4g5 28. Qc7 Rh5 29. Qc8+ 1-0


[Site "https://www.chess.com"]

[Event "Titled Tuesday Blitz December 27 Late 2022"]
[White "Zakarian, David"]
[Black "Antonova, Nadezhda"]
[WhiteFideId "13301276"]
[BlackFideId "14700182"]
[WhiteElo "2306"]
[BlackElo "1945"]
[Result "0-1"]
[Round "03"]
[TimeControl "180+2"]
[Date "2022.12.27"]
[WhiteClock "0:00:20"]
[BlackClock "0:00:28"]

1. d4 Nf6 2. c4 g6 3. h4 Bg7 4. Nc3 d6 5. e4 h5 6. Be2 O-O 7. Bg5 e5 8. d5 Nbd7 9. Qd2 Re8 10. f3 Nc5 11. Nh3 a5 12. Nf2 c6 13. g4 hxg4 14. fxg4 cxd5 15. cxd5 Bd7 16. h5 Qc8 17. hxg6 fxg6 18. Bxf6 Bxf6 19. Qh6 Kf7 20. Qh7+ Bg7 21. Qh4 Rh8 22. Qg3 Rxh1+ 23. Nxh1 b5 24. Qf3+ Kg8 25. Bxb5 Bxg4 26. Qe3 Qd8 27. Nf2 Qh4 28. Kd2 Bh6 29. Nxg4 Bxe3+ 30. Nxe3 Qf2+ 31. Be2 Rb8 32. b3 a4 33. Rf1 Qh4 34. bxa4 Nxe4+ 35. Nxe4 Qxe4 36. Bd3 Rb2+ 37. Nc2 Qb4+ 38. Ke3 Qxa4 39. Rg1 Qa7+ 0-1


[Site "https://www.chess.com"]

[Event "Titled Tuesday Blitz December 27 Late 2022"]
[White "Zakhartsov, Vladimir"]
[Black "Tatarinov, Dmitry"]
[WhiteFideId "4145097"]
[BlackFideId "24160067"]
[WhiteElo "2552"]
[BlackElo "2310"]
[Result "1-0"]
[Round "03"]
[TimeControl "180+2"]
[Date "2022.12.27"]
[WhiteClock "0:00:02"]
[BlackClock "0:00:08"]

1. c4 Nf6 2. Nc3 e6 3. d4 Bb4 4. e3 O-O 5. Bd2 d5 6. Nf3 b6 7. cxd5 exd5 8. Bd3 c5 9. O-O Nc6 10. dxc5 bxc5 11. a3 Ba5 12. Rc1 Rb8 13. b4 cxb4 14. Nb5 Bd7 15. axb4 Bxb4 16. Bxb4 Nxb4 17. Nbd4 a5 18. Bb1 Qb6 19. Ne5 Qd6 20. f4 Rfc8 21. Rxc8+ Rxc8 22. g4 Ne4 23. g5 Bh3 24. Re1 g6 25. Qf3 Bf5 26. Bxe4 Bxe4 27. Qh3 Rc3 28. Ng4 h5 29. gxh6 Kh7 30. Qh4 Nc2 31. Nf6+ Kh8 32. Nxc2 Rxc2 33. Nxe4 dxe4 34. Rb1 Kh7 35. f5 gxf5 36. Kh1 Qxh6 37. Qg3 a4 38. Rg1 Rc8 39. Qe5 Rg8 40. Qxf5+ Kh8 41. Qe5+ f6 42. Rxg8+ Kxg8 43. Qe8+ Kh7 44. Qf7+ Kh8 45. Qe8+ Kg7 46. Qe7+ Kg6 47. Qxe4+ f5 48. Qe6+ Kg5 49. Qe7+ Kg4 50. Qb4+ Qf4 51. Qxf4+ 1-0


[Site "https://www.chess.com"]

[Event "Titled Tuesday Blitz December 27 Late 2022"]
[White "reevecanada"]
[Black "Joubert, Dantelle"]
[BlackFideId "14310813"]
[WhiteElo "2430"]
[BlackElo "1566"]
[Result "1-0"]
[Round "03"]
[TimeControl "180+2"]
[Date "2022.12.27"]
[WhiteClock "0:02:08"]
[BlackClock "0:00:03"]

1. Nf3 d5 2. e3 Nf6 3. d4 Bg4 4. Be2 c6 5. O-O e6 6. h3 Bh5 7. Nbd2 Nbd7 8. c4 Bd6 9. Qc2 O-O 10. e4 dxe4 11. Nxe4 Nxe4 12. Qxe4 Nf6 13. Qe3 Qc7 14. b3 Rad8 15. Bb2 Bf4 16. Qd3 Bg6 17. Qd1 h6 18. Qe1 Rfe8 19. g3 Bd6 20. Ne5 Bf5 21. Kg2 a5 22. Bc3 b6 23. Bf3 c5 24. dxc5 Bxc5 25. Rd1 Bc2 26. Rxd8 Rxd8 27. Qe2 Bf5 28. Rd1 Rxd1 29. Qxd1 Be4 30. Qe2 Bxf3+ 31. Qxf3 Bd6 32. Nd3 Be7 33. h4 Nd7 34. Qg4 Bf6 35. Bd2 Ne5 36. Nxe5 Qxe5 37. Bxh6 Qb2 38. h5 Kh7 39. Be3 Qxa2 40. Qe4+ Kg8 41. Qd3 Qb2 42. Bxb6 Qc3 43. Qxc3 Bxc3 44. c5 Kf8 45. c6 Ke7 46. Bc5+ Kd8 47. Bd6 Kc8 48. f4 Bb4 49. Bxb4 axb4 50. g4 Kc7 51. g5 Kxc6 52. h6 gxh6 53. gxh6 1-0


[Site "https://www.chess.com"]

[Event "Titled Tuesday Blitz December 27 Late 2022"]
[White "Adewumi, Tanitoluwa"]
[Black "Weisz, Bryan"]
[WhiteFideId "30966396"]
[BlackFideId "30934133"]
[WhiteElo "2283"]
[BlackElo "1973"]
[Result "1-0"]
[Round "04"]
[TimeControl "180+2"]
[Date "2022.12.27"]
[WhiteClock "0:00:06"]
[BlackClock "0:00:12"]

1. e4 e5 2. Nf3 Nc6 3. Bb5 f5 4. d3 Nf6 5. Nc3 Bb4 6. Bg5 Nd4 7. Bc4 b5 8. Bb3 Nxb3 9. axb3 O-O 10. O-O Bxc3 11. bxc3 d6 12. exf5 Bxf5 13. d4 e4 14. Nh4 Bd7 15. f3 h6 16. Bxf6 Qxf6 17. Qe1 e3 18. g3 Rae8 19. Qe2 b4 20. Rxa7 bxc3 21. Rxc7 Bb5 22. Qxb5 e2 23. Qc4+ d5 24. Qxd5+ Kh8 25. Re1 Rd8 26. Qe4 Rxd4 27. Qe3 Rd2 28. Qxc3 Qb6+ 29. Qc5 Qb8 30. Qxf8+ Qxf8 31. Ng6+ Kg8 32. Nxf8 Kxf8 33. Kf2 1-0


[Site "https://www.chess.com"]

[Event "Titled Tuesday Blitz December 27 Late 2022"]
[White "Adla, Diego"]
[Black "Tomaszewski, Kacper"]
[WhiteFideId "100072"]
[BlackFideId "1127373"]
[WhiteElo "2383"]
[BlackElo "2313"]
[Result "1-0"]
[Round "04"]
[TimeControl "180+2"]
[Date "2022.12.27"]
[WhiteClock "0:01:52"]
[BlackClock "0:00:03"]

1. Nf3 d5 2. c4 e6 3. g3 Nf6 4. Bg2 Bd6 5. d4 Nc6 6. O-O O-O 7. b3 dxc4 8. bxc4 e5 9. e3 exd4 10. exd4 Rb8 11. Bb2 b6 12. d5 Na5 13. Qc2 Ba6 14. Nbd2 Re8 15. Ng5 g6 16. Rfe1 h6 17. Rxe8+ Qxe8 18. Bxf6 hxg5 19. Bb2 Bb4 20. Ne4 Kf8 21. a3 Be7 22. Qc3 f6 23. Nxf6 Bxf6 24. Qxf6+ Qf7 25. Qh8+ Qg8 26. Qh6+ Kf7 27. Qxg5 Nxc4 28. Qf6+ Ke8 29. Re1+ Kd7 30. Bh3+ 1-0


[Site "https://www.chess.com"]